 Dungeon Crawl Stone Soup version 0.30-a0-799-g109b55a442 (webtiles) character file.

Game seed: 15735715297806644394

3259 lesbiats the Grappler (level 9, 0/89 HPs)
             Began as a Troll Fighter on Feb 20, 2023.
             Slain by an acid dragon (15 damage)
             ... on level 7 of the Dungeon.
             The game lasted 00:18:23 (6108 turns).

lesbiats the Grappler (Troll Fighter)               Turns: 6108, Time: 00:18:24

Health: 0/89       AC: -9    Str: 26    XL:     9   Next: 68%
Magic:  8/8        EV:  9    Int:  8    God:
Gold:   238        SH:  9    Dex:  9    Spells: 6/8 levels left

rFire   . . .      SeeInvis .      - Unarmed
rCold   . . .      Faith    .    b - +0 kite shield
rNeg    . . .      Spirit   .    a - +0 robe
rPois   .          Reflect  .    (helmet restricted)
rElec   .          Harm     .    m - +2 cloak
rCorr   .          Rampage  .    (gloves unavailable)
Will    .....                    (boots unavailable)
Stlth   +                        (no amulet)
HPRegen 1.14/turn                (no ring)
MPRegen 0.11/turn                (no ring)

@: about to teleport, corroded
A: large, unfitting armour, claws 3, regeneration 1, shaggy fur 1, tough skin 1
a: no special abilities


You were on level 7 of the Dungeon.
You visited 2 branches of the dungeon, and saw 8 of its levels.

You collected 420 gold pieces.
You spent 182 gold pieces at shops.

Inventory:

Hand Weapons
 u - the +5 spear of Pestilence {drain, Fragile rPois rN+}
   (You found it on level 3 of the Dungeon)

   rPois:     It protects you from poison.
   rN:        It protects you from negative energy.
   Fragile:   It will be destroyed if unequipped.
Missiles
 h - 19 boomerangs
 p - 26 poisoned darts
 q - 5 large rocks (quivered)
 v - 4 curare-tipped darts
 B - 6 atropa-tipped darts
 E - 3 javelins
Armour
 a - a +0 robe (worn)
 b - a +0 kite shield (worn)
 m - a +2 cloak (worn)
 J - +0 steam dragon scales
Jewellery
 j - a +5 ring of evasion
Wands
 G - a wand of roots (22)
 I - a wand of polymorph (8)
Scrolls
 d - 2 scrolls of amnesia {unknown}
 f - a scroll of fear {unknown}
 k - 3 scrolls of noise
 l - 4 scrolls of blinking
 r - a scroll of vulnerability {unknown}
 s - a scroll of poison {unknown}
 w - 2 scrolls of enchant armour {unknown}
 x - a scroll of fog {unknown}
 y - a scroll of teleportation
 D - a scroll of enchant weapon {unknown}
 F - 2 scrolls of immolation
 H - a scroll of identify
Potions
 c - a potion of might
 e - a potion of magic {unknown}
 g - 2 potions of brilliance {unknown}
 i - 4 potions of curing
 n - 2 potions of berserk rage {unknown}
 o - a potion of ambrosia {unknown}
 t - a potion of invisibility {unknown}
 z - 3 potions of mutation
 A - a potion of cancellation {unknown}


   Skills:
 + Level 6.1 Fighting
 + Level 3.5 Dodging
 + Level 6.6 Shields
 * Level 9.7 Unarmed Combat


You had 6 spell levels left.
You knew the following spells:

 Your Spells              Type           Power      Damage    Failure   Level
a - Passwall              Tmut/Erth      0%         N/A       80%         2

Your spell library contained the following spells:

 Spells                   Type           Power      Damage    Failure   Level
 Sandblast                Erth           0%         2d4       67%         1
 Portal Projectile        Hex/Tloc       0%         N/A       95%         3
 Stone Arrow              Conj/Erth      0%         3d7       95%         3
 Tukima's Dance           Hex            0%         N/A       95%         3
 Manifold Assault         Tloc           0%         N/A       100%        4
 Blade Hands              Tmut           0%         N/A       100%        5
 Iskenderun's Battlesphe  Conj           0%         2d6       100%        5
 Yara's Violent Unravell  Hex/Tmut       0%         3d3       100%        5
 Dispersal                Tloc           0%         N/A       100%        6
 Iron Shot                Conj/Erth      0%         9d1       100%        6
 Enfeeble                 Hex            0%         N/A       100%        7
 Spellforged Servitor     Conj/Summ      0%         N/A       100%        7
 Disjunction              Tloc           0%         N/A       100%        8


Dungeon Overview and Level Annotations

Branches:
Dungeon (7/15)             Temple (1/1) D:7

Altars:
Ashenzari
Cheibriados
Dithmenos
Elyvilon
Fedhas
Hepliaklqana
Kikubaaqudgha
Makhleb
Nemelex Xobeh
Okawaru
Qazlal
Ru
Sif Muna
Vehumet
Xom
Yredelemnul
Zin
The Shining One

Shops:
D:5 !   D:7 [

Annotations:
D:7 1 transporter


Innate Abilities, Weirdness & Mutations

You are too large for most types of armour.
You have claws for hands.
Your natural rate of healing is unusually fast.
You are covered in fur. (AC +1)
You have tough skin. (AC +1)


Message History

You block the jelly's attack. x2; The jelly hits you but does no damage.
The acid dragon roars!
You scratch the jelly.
Your claws burn!
The jelly is almost dead.
You block the jelly's attack. The jelly misses you.
The acid dragon spits acid at you. The splash of acid hits you!!
The acid corrodes you! The jelly closely misses you.
You barely miss the acid dragon. You block the jelly's attack. x2
The jelly closely misses you. The acid dragon bites you!
You block the acid dragon's attack. The jelly hits you.
You are splashed with acid!
You barely miss the acid dragon. The jelly hits you.
You are splashed with acid!
* * * LOW HITPOINT WARNING * * *
The jelly hits you.
* * * LOW HITPOINT WARNING * * *
You are splashed with acid!
* * * LOW HITPOINT WARNING * * *
The jelly closely misses you. The acid dragon barely misses you.
You block the acid dragon's attack. The jelly hits you.
* * * LOW HITPOINT WARNING * * *
The acid corrodes you!
You are splashed with acid!
* * * LOW HITPOINT WARNING * * *
You feel much better. The jelly barely misses you.
You block the jelly's attack. The jelly closely misses you.
The acid dragon bites you.
* * * LOW HITPOINT WARNING * * *
The acid dragon claws you.
* * * LOW HITPOINT WARNING * * *
The jelly barely misses you.
As you read the scroll of teleportation, it crumbles to dust.
You feel strangely unstable. You block the jelly's attack.
The jelly jiggles.
The jelly hits you.
* * * LOW HITPOINT WARNING * * *
The acid corrodes you!
You are splashed with acid.
* * * LOW HITPOINT WARNING * * *
The jelly closely misses you. The acid dragon bites you!
You die...

##....# ##### ### ##...#
##...## ###.## #...# #.....##
##..<.# ######..#
##......###..########.....#..##
#
#..###..##..##☼°.☼☼○#.☼☼.D#...#
# ..##
#..##..##○☼.☼°°#○○○°D###.# #
.## #.###...#☼J#.#DJ☼☼°[J#...#
# .# #.# #..©#°J@J..○○°☼JJ#©..#
# .# #.###...#○J#D#.☼°.°$!#..##
# .## #.......#○○.○○○#○°°°.####
# ..#####.....##☼☼.☼○☼#.°○.°#
## ....#
##.....########!....######.
....## ##..........#
######.##..# .....##
#..###.....#####........#
###...###.##
##................## #
##...#..# #.........#####....#


You could see 2 acid dragons and 5 jellies.

Vanquished Creatures
  Maggie (D:7)
  A vampire (D:6)
  Eustachio (D:5)
  2 water moccasins (D:6)
  A sky beast (D:7)
  An orc warrior (D:6)
  2 black bears
  4 ice beasts
  An ogre (D:5)
  A centaur (D:7)
  A phantom (D:6)
  A kobold brigand (D:6)
  A bullfrog (D:7)
  3 necrophages (D:4)
  2 scorpions
  A wight (D:4)
  A howler monkey (D:6)
  A bullfrog zombie (D:4)
  5 hounds
  3 jellies
  Crazy Yiuf (D:2)
  A human zombie (D:4)
  2 orc priests (D:6)
  4 iguanas
  3 orc wizards
  A hound zombie (D:4)
  2 mummies (D:4)
  2 howler monkey zombies (D:4)
  3 gnolls
  10 adders
  4 shadow imps
  2 white imps
  2 adder zombies (D:4)
  3 worms
  2 dart slugs
  33 orcs
  5 ball pythons
  5 bats
  8 endoplasms
  2 giant cockroaches
  18 goblins
  12 hobgoblins
  7 kobolds
  5 quokkas
  3 frilled lizards
  7 rats
181 creatures vanquished.

Vanquished Creatures (others)
  3 plants (D:2)
  3 withered plants (D:2)
6 creatures vanquished.

Grand Total: 187 creatures vanquished

Notes
Turn   | Place    | Note
-------+----------+-------------------------------------------
     0 | D:1      | lesbiats the Troll Fighter began the quest for the Orb.
     0 | D:1      | Reached XP level 1. HP: 22/22 MP: 0/0
    48 | D:1      | Reached XP level 2. HP: 25/29 MP: 1/1
   167 | D:1      | Reached XP level 3. HP: 36/36 MP: 2/2
   203 | D:1      | Reached skill level 3 in Unarmed Combat
   507 | D:2      | Reached XP level 4. HP: 44/44 MP: 3/3
   566 | D:2      | Found a runed translucent door.
   567 | D:2      | Noticed Crazy Yiuf
   577 | D:2      | Killed Crazy Yiuf
   671 | D:2      | Found a faded altar of an unknown god.
  1080 | D:3      | Found a shimmering altar of Xom.
  1474 | D:3      | Learned a level 2 spell: Passwall
  1548 | D:3      | Identified the +5 spear of Pestilence {drain, Fragile rPois
                  | rN+}
  1637 | D:3      | Reached XP level 5. HP: 49/53 MP: 4/4
  1647 | D:3      | Reached skill level 4 in Unarmed Combat
  1980 | D:4      | Reached XP level 6. HP: 61/61 MP: 5/5
  2325 | D:4      | Noticed an ice beast
  2337 | D:4      | Killed an ice beast
  2338 | D:4      | Reached skill level 5 in Unarmed Combat
  2502 | D:4      | Reached XP level 7. HP: 44/67 MP: 6/6
  2547 | D:4      | Found a basalt altar of Yredelemnul.
  2568 | D:4      | Reached skill level 6 in Unarmed Combat
  2676 | D:5      | Entered Level 5 of the Dungeon
  2758 | D:5      | Noticed Eustachio
  2786 | D:5      | Killed Eustachio
  3102 | D:5      | Reached skill level 5 in Shields
  3102 | D:5      | Reached XP level 8. HP: 79/79 MP: 7/7
  3115 | D:5      | Reached skill level 7 in Unarmed Combat
  3273 | D:5      | Found Cofor's Distillery.
  3576 | D:5      | Bought 2 potions of heal wounds for 140 gold pieces
  3576 | D:5      | Bought a potion of curing for 42 gold pieces
  3765 | D:6      | Reached skill level 5 in Fighting
  3781 | D:6      | Reached skill level 8 in Unarmed Combat
  3863 | D:6      | Reached XP level 9. HP: 71/88 MP: 8/8
  4287 | D:6      | Reached skill level 9 in Unarmed Combat
  4822 | D:7      | Found a transporter.
  5042 | D:7      | Found a transporter.
  5372 | D:7      | Noticed Maggie
  5382 | D:7      | Killed Maggie
  5392 | D:7      | Upgraded the game from 0.30-a0-793-g160f7cfddd to
                  | 0.30-a0-799-g109b55a442
  5475 | D:7      | Found a snail-covered altar of Cheibriados.
  5476 | D:7      | Found Cheibriados's Comfort Zone.
  5525 | D:7      | Found a staircase to the Ecumenical Temple.
  5541 | Temple   | Entered the Ecumenical Temple
  6106 | D:7      | HP: 2/89 [acid (11)]
  6108 | D:7      | Slain by an acid dragon

Illustrated notes

Levels and vault maps discovered:
D:1:      lightli_arrival_lavapool, layout_rooms
D:2:      layout_basic, shapermc_ecumenical_altar_flowoftime,
          minmay_statues_item, uniq_crazy_yiuf_cottage
D:3:      cheibrodos_greedy_goblins, layout_basic, mainiacjoe_overflow_alcove_1
D:4:      cheibrodos_barr_body, layout_cave_pools,
          lemuel_mausoleum_altar_yredelemnul, hangedman_feature_mirror
D:5:      layout_basic, serial_shops, nicolae_lakefront_shop, uniq_eustachio
D:6:      layout_loops_corners, hangedman_decor_push, minmay_alternating_orb
D:7:      gammafunk_cloud_chamber, layout_layer_cave,
          minmay_temple_entry_statues, minmay_shop_chei, uniq_maggie
Temple:   kb_temple_of_zot

Skill      XL: |  1  2  3  4  5  6  7  8  9 |
---------------+----------------------------+-----
Shields        | 3 4 5 6 |  6.6
Unarmed Combat | 3 4 5 6 8 9 |  9.7
Fighting       | 3 4 5 6 |  6.1
Dodging        | 3 |  3.5

Action                     |  1- 3 |  4- 6 |  7- 9 || total
---------------------------+-------+-------+-------++-------
  Melee: Unarmed           |    75 |   207 |   276 ||   558
    Use: Potion            |       |       |     3 ||     3
         Scroll            |       |       |     6 ||     6
   Stab: Sleeping          |       |     1 |       ||     1
         Confused          |       |       |     1 ||     1
 Armour: Robe              |    20 |    69 |    72 ||   161
  Dodge: Dodged            |    25 |    57 |    86 ||   168
  Block: Kite shield       |    34 |    72 |   117 ||   223

Table legend: (Time is in decaauts)
 A = Elapsed time spent in this place.
 B = Non-inter-level travel time spent in this place.
 C = Inter-level travel time spent in this place.
 D = Time resting spent in this place.
 E = Time spent auto-exploring this place.
 F = Levels seen in this place.
 G = Mean time per level.
                   A        B        C        D        E       F      G
               +--------+--------+--------+--------+--------+-----+--------+
         Total |   6112 |   5527 |    585 |    166 |   4044 |   8 |  764.0 |
       Dungeon |   5993 |   5423 |    570 |    166 |   3952 |   7 |  856.1 |
        Temple |    118 |    103 |     15 |      0 |     92 |   1 |  118.0 |
               +--------+--------+--------+--------+--------+-----+--------+

Top non-repeatable levels by time:
     D:7: 1170 daAuts
     D:6: 1150 daAuts
     D:5: 992 daAuts
     D:3: 919 daAuts
     D:4: 850 daAuts
     D:2: 531 daAuts
     D:1: 378 daAuts
  Temple: 118 daAuts
